 Dungeon Crawl Stone Soup version 0.26.1-11-gd32895ea62 (webtiles) character file.

Game seed: 16979691918596127279

25 jlumianski the Caller (level 2, -1/11 HPs)
             Began as a Felid Summoner on May 3, 2021.
             Slain by a worm (12 damage)
             ... on level 2 of the Dungeon.
             The game lasted 00:08:50 (1365 turns).

jlumianski the Caller (Felid Summoner)              Turns: 1365, Time: 00:08:50

Health: -1/11      AC:  1    Str:  4    XL:     2   Next: 86%
Magic:  2/6        EV: 18    Int: 16    God:
Gold:   6          SH:  0    Dex: 16    Spells: 2/5 levels left
                                        Lives:  0   Deaths: 0

rFire    . . .     SeeInvis +   (weapon unavailable)
rCold    . . .     Faith    .   (shield unavailable)
rNeg     . . .     Spirit   .   (armour unavailable)
rPois    .         Reflect  .   (helmet unavailable)
rElec    .         Harm     .   (cloak unavailable)
rCorr    .         Rampage  .   (gloves unavailable)
Will     .....                  (boots unavailable)
Stlth    +++.......             (no amulet)
HPRegen  0.03/turn              (no ring)
MPRegen  0.10/turn              (no ring)

@: quick
A: very small, no armour, no weapons or thrown items, stealth, claws 1, fangs 3,
see invisible, speed 1, shaggy fur 1, sharp paws
a: no special abilities


You were on level 2 of the Dungeon.
You visited 1 branch of the dungeon, and saw 2 of its levels.

You collected 6 gold pieces.

Inventory:

Jewellery
 a - an uncursed ring of stealth {unknown}
Scrolls
 b - 3 scrolls of remove curse {unknown}
 c - a scroll of noise {unknown}
 d - a scroll of enchant weapon {unknown}
 f - a scroll of teleportation {unknown}
 g - 2 scrolls of blinking {unknown}
 i - a scroll of fear {unknown}
 j - a scroll of identify {unknown}
Potions
 e - 2 potions of magic {unknown}
 h - 2 potions of attraction {unknown}
 k - 2 potions of curing {unknown}


   Skills:
 + Level 2.9 Dodging
 + Level 3.0 Stealth
 + Level 0.2 Unarmed Combat
 + Level 2.3 Spellcasting
 + Level 4.4 Summonings


You had 2 spell levels left.
You knew the following spells:

 Your Spells              Type           Power        Failure   Level
a - Summon Small Mammal   Summ           64%          3%          1
b - Call Imp              Summ           16%          4%          2

Your spell library contained the following spells:

 Spells                   Type           Power        Failure   Level
 Call Canine Familiar     Summ           16%          10%         3
 Summon Guardian Golem    Hex/Summ       9%           24%         3
 Summon Ice Beast         Ice/Summ       9%           63%         4
 Summon Lightning Spire   Summ/Air       9%           63%         4


Dungeon Overview and Level Annotations

Branches:
Dungeon (2/15)

Altars:


Innate Abilities, Weirdness & Mutations

You cannot wear armour.
You are incapable of wielding weapons or throwing items.
Your paws allow you to move quietly. (Stealth)
You have sharp claws.
You have razor-sharp teeth.
You have supernaturally acute eyesight. (SInv)
You cover ground quickly.
You are covered in fur. (AC +1)
Your sharp claws are effective at attacking unaware monsters.


Message History

Your crimson imp blinks!
Your crimson imp hits the worm.
You swap places.
The worm bites your crimson imp.
Your crimson imp completely misses the worm.
Your crimson imp hits the worm.
The worm bites your crimson imp.
Your crimson imp dies!
Your quokka barely misses the worm.
Your quokka bites the worm.
The worm closely misses your quokka.
Your quokka bites the worm.
The worm bites your quokka.
Your quokka bites the worm but does no damage.
Your quokka bites the worm.
The worm barely misses your quokka.
You swap places.
You scratch the worm but do no damage.
The worm is severely wounded.
Your crimson imp blinks!
The worm completely misses you.
You swap places.
Your quokka bites the worm.
You swap places.
The worm bites you!
Ouch! That really hurt!
You die...

#...####...
#...# ...
#...# .. #...#
####...######
#...........#
#ยง##........#
#r###########
#@# #w# #.#
#.+ ###


You could see a worm and a friendly quokka (summoned).

Vanquished Creatures
  A giant cockroach (D:1)
  A goblin (D:1)
  2 hobgoblins (D:1)
  A frilled lizard (D:1)
  2 rats (D:1)
7 creatures vanquished.

Vanquished Creatures (collateral kills)
  An adder (D:2)
  An ooze (D:1)
  3 bats
  A giant cockroach (D:1)
  3 goblins (D:1)
  2 hobgoblins (D:1)
  3 jackals (D:1)
  A frilled lizard (D:1)
  2 kobolds (D:1)
  A rat (D:1)
18 creatures vanquished.

Vanquished Creatures (others)
  14 plants (D:1)
14 creatures vanquished.

Grand Total: 39 creatures vanquished

Notes
Turn   | Place    | Note
-------+----------+-------------------------------------------
     0 | D:1      | jlumianski the Felid Summoner began the quest for the Orb.
     0 | D:1      | Reached XP level 1. HP: 7/7 MP: 4/4
   269 | D:1      | Reached XP level 2. HP: 11/11 MP: 3/6
   272 | D:1      | Learned a level 2 spell: Call Imp
  1365 | D:2      | Slain by a worm

Illustrated notes

Levels and vault maps discovered:
D:1:      dpeg_arrival_concentric_ovals, layout_loops_ring, serial_bayou,
          serial_bayou_pond_b, serial_bayou_ford_a, serial_bayou_crossing,
          serial_bayou_shore_b
D:2:      layout_basic, serial_aquarium, aquarium_bridge_square
          [aquarium_subvault_bridge, aquarium_subvault_window,
          aquarium_subvault_bridge, aquarium_subvault_bridge],
          aquarium_window_3, aquarium_window_1, aquarium_view_2a,
          aquarium_view_2b, aquarium_pool_S, minmay_misc_feat_chi

Skill      XL: |  1  2 |
---------------+-------+-----
Stealth        | 3 |  3.0
Dodging        | |  2.9
Unarmed Combat | |  0.2
Spellcasting   | |  2.3
Summonings     | |  4.4

Action                   || total
-------------------------++-------
Melee: Unarmed           ||    19
       Bite              ||     1
 Cast: Summon Small Mamm ||    27
       Call Imp          ||     5
 Stab: Sleeping          ||     5
Armor: Skin              ||     1
Dodge: Dodged            ||    46
